 Dungeon Crawl Stone Soup version 0.27.1-33-g824d729ab1 (webtiles) character file.

Game seed: 1071605293172393905

109 tkbsonic5 the Grasshopper (level 4, -1/38 HPs)
             Began as a Gnoll Warper on Nov 25, 2021.
             Killed by divine providence
             ... invoked by an orc priest
              (13 damage)
             ... on level 3 of the Dungeon.
             The game lasted 00:14:29 (2740 turns).

tkbsonic5 the Grasshopper (Gnoll Warper)            Turns: 2740, Time: 00:14:29

Health: -1/38      AC:  6    Str: 10    XL:     4   Next: 89%
Magic:  11/11      EV: 11    Int: 13    God:
Gold:   74         SH:  0    Dex: 12    Spells: 2/13 levels left

rFire    . . .     SeeInvis .   f - +2 dagger (venom)
rCold    . . .     Faith    .   (no shield)
rNeg     . . .     Spirit   .   v - +0 ring mail
rPois    .         Reflect  .   u - +1 hat
rElec    .         Harm     .   (no cloak)
rCorr    .         Rampage  .   (no gloves)
Will     .....                  (no boots)
Stlth    +.........             (no amulet)
HPRegen  0.12/turn              (no ring)
MPRegen  0.12/turn              (no ring)

@: no status effects
A: fangs 1, strong nose, distributed training
a: no special abilities


You were on level 3 of the Dungeon.
You visited 1 branch of the dungeon, and saw 3 of its levels.

You collected 114 gold pieces.
You spent 40 gold pieces at shops.

Inventory:

Hand Weapons
 e - a +0 short sword of venom {Ick.}
 f - a +2 dagger of venom (weapon)
 g - a +0 hunting sling
 h - a +0 arbalest
 i - a +0 hand axe
 l - a +1 dagger of draining
 o - a +0 falchion
 p - a +1 mace of protection
Missiles
 a - 94 stones
 d - 4 boomerangs of dispersal
 k - 4 boomerangs (quivered)
Armour
 b - a +2 leather armour
 s - a +0 scale mail
 t - a +0 chain mail
 u - a +1 hat (worn)
 v - a +0 ring mail (worn)
Scrolls
 c - a scroll of blinking
 j - 2 scrolls of identify
 n - 3 scrolls of teleportation
Potions
 q - a potion of flight
 r - a potion of resistance {unknown}


   Skills:
 + Level 4.7 Fighting
 + Level 1.2 Short Blades
 + Level 1.2 Long Blades
 + Level 4.7 Axes
 + Level 1.2 Maces & Flails
 + Level 1.2 Polearms
 + Level 1.2 Staves
 + Level 1.2 Slings
 + Level 1.2 Bows
 + Level 1.2 Crossbows
 + Level 2.8 Throwing
 + Level 2.8 Armour
 + Level 4.7 Dodging
 + Level 1.2 Stealth
 + Level 1.2 Shields
 + Level 1.2 Unarmed Combat
 + Level 5.1 Spellcasting
 + Level 1.0 Conjurations
 + Level 1.0 Hexes
 + Level 1.0 Summonings
 + Level 1.0 Necromancy
 + Level 5.5 Translocations
 + Level 1.0 Transmutations
 + Level 1.0 Fire Magic
 + Level 1.0 Ice Magic
 + Level 1.0 Air Magic
 + Level 1.0 Earth Magic
 + Level 1.0 Poison Magic
 + Level 1.4 Invocations
 + Level 1.2 Evocations


You had 2 spell levels left.
You knew the following spells:

 Your Spells              Type           Power      Damage    Failure   Level
a - Blink                 Tloc           N/A        N/A       7%          2
b - Dazzling Flash        Conj/Hex       12%        N/A       65%         3
c - Teleport Other        Tloc           17%        N/A       14%         3
d - Lesser Beckoning      Tloc           8%         N/A       14%         3

Your spell library contained the following spells:

 Spells                   Type           Power      Damage    Failure   Level
 Gell's Gravitas          Tloc           8%         N/A       14%         3
 Iskenderun's Mystic Bla  Conj/Tloc      11%        2d4       75%         4
 Manifold Assault         Tloc           17%        N/A       78%         5
 Starburst                Conj/Fire      3%         6d3       100%        6


Dungeon Overview and Level Annotations

Branches:
Dungeon (3/15)

Altars:
Okawaru

Shops:
D:1 *   D:2 *


Innate Abilities, Weirdness & Mutations

You have very sharp teeth.
Your uncanny sense of smell can sniff out nearby items.
Your experience applies equally to all skills.


Message History

The orc priest's wounds heal themselves!
The orc priest closely misses you.
You hit the orc priest.
Your weapon exudes an aura of protection.
The orc priest is lightly wounded.
The orc priest hits you with a +0 hand axe.
You closely miss the orc priest. Your bite misses the orc priest.
The orc priest is lightly wounded.
The orc priest begins to cast a cantrip, but forgets the words!
You hit the orc priest.
The orc priest is moderately wounded.
The orc priest closely misses you.
The orc priest hits you with a +0 hand axe.
You closely miss the orc priest. Your bite misses the orc priest.
The orc priest is moderately wounded.
The orc priest looks braver for a moment.
You sock the orc priest!
The orc priest is severely wounded.
The orc priest closely misses you.
You closely miss the orc priest.
The orc priest is severely wounded.
The orc priest calls down the wrath of Beogh upon you.
Beogh smites you!
The orc priest mumbles some strange prayers to Beogh against you.
You barely resist.
You feel better.
The orc priest hits you with a +0 hand axe.
Okay, then.
You aren't carrying any items that you can evoke.
Your +1 mace of protection goes still.
Your +2 dagger of venom begins to drip with poison!
f - a +2 dagger of venom (weapon)
You hit the orc priest.
The orc priest is poisoned.
The orc priest is almost dead.
The orc priest invokes the aid of Beogh against you.
Beogh smites you!
* * * LOW HITPOINT WARNING * * *
The orc priest calls down the wrath of Beogh upon you.
Beogh smites you!
You die...

############.#
#.......#.# #
#.####...♣...#.#
#.##.†..♣♣♣..'.#
#....#...♣...###
#....#.......#
#[...#.......###
#.#######'####.#
#.# #..........#
#@# +..........#
####.#.#..........#
#ooo.#.#..........#
#$####............#
# ###..........#
##'#########
#####.# #.....#
#.#####


You could see an orc priest (very poisoned).

Vanquished Creatures
  4 adders
  3 worms (D:2)
  3 dart slugs
  An orc (D:3)
  4 ball pythons
  3 bats
  7 endoplasms
  A giant cockroach (D:2)
  9 goblins
  3 hobgoblins
  3 quokkas
  2 frilled lizards
  7 kobolds
  7 rats
57 creatures vanquished.

Notes
Turn   | Place    | Note
-------+----------+-------------------------------------------
     0 | D:1      | tkbsonic5 the Gnoll Warper began the quest for the Orb.
     0 | D:1      | Reached XP level 1. HP: 20/20 MP: 6/6
   187 | D:1      | Reached XP level 2. HP: 26/26 MP: 7/7
   208 | D:1      | Found Bite's General Store.
   584 | D:1      | Learned a level 2 spell: Blink
  1116 | D:2      | Found a faded altar of an unknown god.
  1124 | D:2      | Reached XP level 3. HP: 31/31 MP: 9/9
  1132 | D:2      | Reached skill level 5 in Spellcasting
  1259 | D:2      | Found an iron altar of Okawaru.
  1280 | D:2      | Reached skill level 1 in Invocations
  1289 | D:2      | Reached skill level 1 in Short Blades
  1289 | D:2      | Reached skill level 1 in Long Blades
  1289 | D:2      | Reached skill level 1 in Maces & Flails
  1289 | D:2      | Reached skill level 1 in Polearms
  1289 | D:2      | Reached skill level 1 in Staves
  1289 | D:2      | Reached skill level 1 in Slings
  1289 | D:2      | Reached skill level 1 in Bows
  1289 | D:2      | Reached skill level 1 in Crossbows
  1289 | D:2      | Reached skill level 1 in Stealth
  1289 | D:2      | Reached skill level 1 in Shields
  1289 | D:2      | Reached skill level 1 in Unarmed Combat
  1289 | D:2      | Reached skill level 1 in Evocations
  1322 | D:2      | Learned a level 3 spell: Dazzling Flash
  1326 | D:2      | Learned a level 3 spell: Teleport Other
  1330 | D:2      | Learned a level 3 spell: Lesser Beckoning
  1495 | D:2      | Reached XP level 4. HP: 26/38 MP: 11/11
  1840 | D:2      | Found Innum's Assorted Antiques.
  1852 | D:2      | Bought a scroll labelled XORITO VIECUNN for 20 gold pieces
  1852 | D:2      | Bought a scroll labelled YSEDOYPAOWIBB for 20 gold pieces
  2250 | D:3      | Reached skill level 1 in Conjurations
  2250 | D:3      | Reached skill level 1 in Hexes
  2250 | D:3      | Reached skill level 1 in Summonings
  2250 | D:3      | Reached skill level 1 in Necromancy
  2250 | D:3      | Reached skill level 1 in Transmutations
  2250 | D:3      | Reached skill level 1 in Fire Magic
  2250 | D:3      | Reached skill level 1 in Ice Magic
  2250 | D:3      | Reached skill level 1 in Air Magic
  2250 | D:3      | Reached skill level 1 in Earth Magic
  2250 | D:3      | Reached skill level 1 in Poison Magic
  2740 | D:3      | Killed from afar by an orc priest

Illustrated notes

Levels and vault maps discovered:
D:1:      kennysheep_arrival_forest, layout_basic, serial_shops, shop_fountains
D:2:      layout_basic, basic_altar, shapermc_ecumenical_altar_acropolis,
          serial_shops, shop, minmay_tetromino_i4
D:3:      layout_basic, kennysheep_generic_room_8

Skill      XL: |  1  2  3  4 |
---------------+-------------+-----
Spellcasting   | 5 |  5.1
Invocations    | 1 |  1.4
Short Blades   | 1 |  1.2
Long Blades    | 1 |  1.2
Maces & Flails | 1 |  1.2
Polearms       | 1 |  1.2
Staves         | 1 |  1.2
Slings         | 1 |  1.2
Bows           | 1 |  1.2
Crossbows      | 1 |  1.2
Stealth        | 1 |  1.2
Shields        | 1 |  1.2
Unarmed Combat | 1 |  1.2
Evocations     | 1 |  1.2
Conjurations   | 1 |  1.0
Hexes          | 1 |  1.0
Summonings     | 1 |  1.0
Necromancy     | 1 |  1.0
Transmutations | 1 |  1.0
Fire Magic     | 1 |  1.0
Ice Magic      | 1 |  1.0
Air Magic      | 1 |  1.0
Earth Magic    | 1 |  1.0
Poison Magic   | 1 |  1.0
Fighting       | |  4.7
Axes           | |  4.7
Throwing       | |  2.8
Armour         | |  2.8
Dodging        | |  4.7
Translocations | |  5.5

Action                   |  1- 3 |  4- 6 || total
-------------------------+-------+-------++-------
Melee: Short sword       |     8 |       ||     8
       Dagger            |    64 |    15 ||    79
       Bite              |     5 |     3 ||     8
       Mace              |       |    66 ||    66
Throw: Boomerang         |    27 |    20 ||    47
  Use: Scroll            |     2 |     4 ||     6
       Potion            |     2 |     2 ||     4
Armor: Leather armour    |    11 |     3 ||    14
       Chain mail        |       |    21 ||    21
       Ring mail         |       |    12 ||    12
       Scale mail        |       |    12 ||    12
Dodge: Dodged            |    28 |    59 ||    87
